AoeStats
← xXxDstroyxXx

Fortress

510447830Analyzed
1v1 RM · 13h ago on Oct 1, 2026· 45m 6s· 2 players
Game mode
Random Map
Map size
Small (3 player)
Population
200
Speed
Normal
Resources
Standard
Victory
Conquest
Starting age
Dark Age
Ending age
Imperial Age
RankedLock teamsTeams togetherTeam positionsShared explorationLock speedFull tech treeHidden civsTurbo modeCheats
Victory
Defeat
🇨🇳 Romans · China
1667
+18
🇨🇴 Mongols · Colombia
1707
-18
海峡
6:54 Feudal Age
10:39 Castle Age
8:25 Horse Collar
8:51 Double-Bit Axe
13:12 Bow Saw
18:35 Heavy Plow
19:24 Wheelbarrow
18:55 Gold Mining
23:46 Imperial Age
21:22 Scale Mail Armor
21:50 Forging
21:04 Man-at-Arms
21:45 Squires
22:49 Gold Shaft Mining
22:42 Chain Mail Armor
21:56 Long Swordsman
24:02 Iron Casting
23:52 Capped Ram
24:14 Legionary
25:09 Siege Ram
25:58 Siege Engineers
29:32 Blast Furnace
31:22 Stone Mining
32:34 Hand Cart
32:04 Town Watch
35:03 Conscription
35:22 Masonry
35:33 Ballistics
36:13 Chemistry
35:16 Loom
35:32 Town Patrol
36:13 Comitatenses
37:14 Architecture
36:51 Scale Barding Armor
38:48 Chain Barding Armor
39:31 Murder Holes
39:47 Fortified Wall
39:27 Guard Tower
40:17 Plate Barding Armor
43:37 Keep
xXxDstroyxXx
6:45 Feudal Age
10:47 Castle Age
8:49 Double-Bit Axe
9:10 Horse Collar
14:13 Loom
17:08 Town Watch
18:10 Wheelbarrow
20:25 Heavy Plow
20:38 Bow Saw
20:58 Hand Cart
24:38 Imperial Age
22:19 Gold Mining
22:25 Fletching
22:35 Padded Archer Armor
23:17 Town Patrol
23:42 Bodkin Arrow
24:02 Leather Archer Armor
24:01 Stone Mining
24:46 Forging
24:42 Scale Barding Armor
25:03 Leather Archer Armor
25:26 Bracer
26:05 Iron Casting
26:38 Chemistry
26:37 Parthian Tactics
26:18 Thumb Ring
26:54 Conscription
29:21 Blast Furnace
28:26 Scale Barding Armor
27:55 Light Cavalry
28:46 Bloodlines
28:36 Husbandry
Connection lost

Rejoining the realm…

Still unreachable

The connection could not be restored.

Session expired

The server has moved on; the page needs a fresh start.